 Dungeon Crawl Stone Soup version 0.27.1-34-g3ba077fa99 (webtiles) character file.

Game seed: 13904790774266184787

106 Delamore the Sneak (level 4, -1/29 HPs)
             Began as an Octopode Brigand on Feb 7, 2022.
             Slain by a phantom (7 damage)
             ... on level 4 of the Dungeon.
             The game lasted 00:02:53 (2762 turns).

Delamore the Sneak (Octopode Brigand)               Turns: 2762, Time: 00:02:53

Health: -1/29      AC:  1    Str: 10    XL:     4   Next: 84%
Magic:  4/4        EV: 12    Int: 13    God:
Gold:   77         SH:  0    Dex: 14    Spells: 3/3 levels left

rFire    + . .     SeeInvis .   g - +2 short sword (vamp)
rCold    . . .     Faith    .   (no shield)
rNeg     . . .     Spirit   .   (helmet restricted)
rPois    .         Reflect  .   r - amulet of regeneration
rElec    .         Harm     .   n - ring of protection from fire
rCorr    +         Rampage  .   o - ring of resist corrosion
Will     .....                  (no ring)
Stlth    ++++......             (no ring)
HPRegen  1.09/turn              (no ring)
MPRegen  0.09/turn              (no ring)
                                (no ring)
                                (no ring)

@: silenced, attractive
A: almost no armour, amphibious, 8 rings, camouflage 1, gelatinous body 1,
(nimble swimmer 1), tentacles
a: no special abilities


You were on level 4 of the Dungeon.
You visited 1 branch of the dungeon, and saw 4 of its levels.

You collected 77 gold pieces.

Inventory:

Hand Weapons
 a - a +2 dagger
 g - a +2 vampiric short sword (weapon)
Missiles
 b - 21 poisoned darts (quivered)
 c - 2 curare-tipped darts
Jewellery
 n - a ring of protection from fire (left tentacle)
 o - a ring of resist corrosion (right tentacle)
 r - an amulet of regeneration (around mantle)
Wands
 s - a wand of paralysis (10)
Scrolls
 e - a scroll of vulnerability
 i - 2 scrolls of amnesia
 j - a scroll of brand weapon
 k - a scroll of magic mapping
 p - a scroll of enchant armour {unknown}
Potions
 d - a potion of flight {unknown}
 f - a potion of curing
 h - a potion of attraction
 m - a potion of brilliance {unknown}
 q - a potion of invisibility {unknown}


   Skills:
 - Level 2.0 Fighting
 + Level 3.1 Short Blades
 - Level 2.0 Throwing
 - Level 1.0 Dodging
 * Level 7.5 Stealth


You had 3 spell levels left.
You didn't know any spells.
Your spell library contained the following spells:

 Spells                   Type           Power      Damage    Failure   Level
 Static Discharge         Conj/Air       0%         N/A       43%         2
 Dispel Undead            Necr           0%         3d6       97%         4
 Sticky Flame             Conj/Fire      0%         2d3       97%         4


Dungeon Overview and Level Annotations

Branches:
Dungeon (4/15)
 Temple: D:4-7

Altars:
Makhleb
Uskayaw


Innate Abilities, Weirdness & Mutations

You cannot wear most types of armour.
You are amphibious.
You can wear up to eight rings at the same time.
Your skin changes colour to match your surroundings (Stealth+).
Your rubbery body absorbs attacks. (AC +1, EV +1)
((You are camouflaged near water. (Stealth+)))
You have tentacles for arms and can constrict up to eight enemies at once.


Message History

The phantom blinks!
You blink.
You lose your grip on the jackal.
As you read the scroll labelled EWEH LANOP, it crumbles to dust.
You feel aware of your surroundings.
It was a scroll of magic mapping.
The phantom barely misses you.
As you read the scroll labelled ZYCSEF AKLISO, it crumbles to dust.
A profound silence engulfs you.
It was a scroll of silence.
The jackal bites you.
* * * LOW HITPOINT WARNING * * *
The phantom hits you.
* * * LOW HITPOINT WARNING * * *
It was a potion of curing.
You feel better. The jackal bites you. x2
The phantom closely misses you.
It was a potion of attraction.
You feel attractive to monsters. The jackal bites you.
The jackal barely misses you. The phantom hits you.
* * * LOW HITPOINT WARNING * * *
The jackal barely misses you.
You feel better. The jackal misses you. The jackal bites you.
The phantom barely misses you. The jackal closely misses you.
You open the door. The jackal bites you. The jackal misses you.
The phantom hits you!
* * * LOW HITPOINT WARNING * * *
The phantom blinks!
You blink.
The jackal is pulled toward you! x2
You feel better. The phantom barely misses you.
Magic scrolls do not work when you're silenced!
You puncture the jackal!
You feel better.
You kill the jackal!
The jackal closely misses you. The phantom hits you!
The phantom blinks!
You blink.
You closely miss the jackal. Your grab misses the jackal. The jackal bites you.
You miss the jackal. Your grab misses the jackal. The jackal misses you.
The phantom hits you!
* * * LOW HITPOINT WARNING * * *
The phantom blinks!
You blink.
The jackal is pulled toward you!
You hit the jackal but do no damage. You grab the jackal.
You squeeze the jackal.
The jackal is moderately wounded.
You constrict the jackal, but do no damage.
The phantom hits you!
You die...

**************###### **********
,,,,,*,,,,,,,,#....# *,,,*,,,,*
,,,,,*,,,,,,,,#....# *,,,*,,,,*
**,,,+,,,,,,,,#....# *,,,*,,,,*
**,,******,,,,#....* *,,,###+###
**,,**,,**,,,,#...#*****+*#......
*,,,*,,,,*,,,,#...#,,,,*,,#......
**,,*,,,,+,,,,#.@W#,,,,*,,#......
**,,**,,**,,,,#.h.#,,,,*,,+......
**,,**,,**,,,,#...+,,,,*,,#......
,+,,,,,,,+,,,,#..§#,,,,***##+###.
**,,,,,,**,,,*#.§§#,,,,,,,,#...#<
,**+**,,###+###.§.#####....#...'.
,,,,,*,,..............#....#...#.
,,,,,*,,......††......+....#####.
,,,,,+,,*#...##.......#....#...#.


You could see a phantom and a jackal.

Vanquished Creatures
  4 adders
  3 dart slugs
  3 orcs
  5 endoplasms
  2 giant cockroaches (D:1)
  3 goblins
  7 hobgoblins
  5 jackals (D:4)
  6 kobolds
  3 quokkas
  3 ball pythons
  5 bats
  3 frilled lizards
  6 rats
58 creatures vanquished.

Vanquished Creatures (others)
  7 demonic plants (D:2)
  9 fungi (D:2)
  11 plants (D:2)
  4 withered plants (D:2)
31 creatures vanquished.

Grand Total: 89 creatures vanquished

Notes
Turn   | Place    | Note
-------+----------+-------------------------------------------
     0 | D:1      | Delamore the Octopode Brigand began the quest for the Orb.
     0 | D:1      | Reached XP level 1. HP: 14/14 MP: 1/1
   347 | D:1      | Reached XP level 2. HP: 14/19 MP: 2/2
   519 | D:1      | Reached skill level 6 in Stealth
   833 | D:1      | Reached XP level 3. HP: 24/24 MP: 3/3
  1075 | D:2      | Found a faded altar of an unknown god.
  1112 | D:2      | Found a hide-covered altar of Uskayaw.
  1839 | D:3      | Reached XP level 4. HP: 29/29 MP: 4/4
  1847 | D:3      | Reached skill level 7 in Stealth
  2540 | D:4      | Noticed a phantom
  2555 | D:4      | Found a burning altar of Makhleb.
  2762 | D:4      | Slain by a phantom

Illustrated notes

Levels and vault maps discovered:
D:1:      lightli_arrival_chessboard, layout_rooms, chequers_hall_statues_y
D:2:      layout_rooms, shapermc_ecumenical_altar_gd, basic_altar,
          minmay_misc_feat_five
D:3:      layout_loops_cross
D:4:      layout_gridville, old_standard_altar

Skill      XL: |  1  2  3  4 |
---------------+-------------+-----
Stealth        | 6 7 |  7.5
Short Blades   | 3 |  3.1
Fighting       | |  2.0
Throwing       | |  2.0
Dodging        | |  1.0

Action                   |  1- 3 |  4- 6 || total
-------------------------+-------+-------++-------
Melee: Dagger            |    41 |       ||    41
       Constrict         |    13 |     9 ||    22
       Tentacles         |     9 |     4 ||    13
       Short sword       |    22 |    36 ||    58
  Use: Scroll            |     4 |     2 ||     6
       Potion            |       |     4 ||     4
 Stab: Sleeping          |    16 |     8 ||    24
       Distracted        |     1 |       ||     1
Armor: Skin              |     3 |     2 ||     5
Dodge: Dodged            |    23 |    33 ||    56
